cohdb
Replays
Latest Replays
All Replays
Popular Replays
Top Player Replays
Match Explorer
How It Works
Community
CoH3 Stats
Reddit
Sign in to upload your games and track your stats! →
Sign in with Steam
Match 42902763
Unlisted
Match 42902763
Overview
Messages
Build Orders
End
Selects Airborne Battlegroup
Selects Pathfinders
Pathfinder Squad
Construct Weapon Support Center
M1919 Machine Gun Team
Construct Barracks
M1 Mortar Team
M1 Mortar Team
Construct Medical Station
Selects Paratrooper Squad Paradrop
Infantry Support Center
Selects Smoke Bombing Run
Selects Recon Loiter
Paratrooper Squad Paradrop
Improved M9 Bazooka Rockets
Construct Motor Pool
Selects Supply Drop
Supply Drop
Recon Loiter
Paratrooper Squad Paradrop
Supply Drop
Supply Drop
Recon Loiter
M24 Chaffee Light Tank
M24 Chaffee Light Tank
Engineer Squad
Selects Carpet Bombing Run
Carpet Bombing Run
Supply Drop
Recon Loiter
M24 Chaffee Light Tank
Supply Drop
Survival Training
Munitions Surplus
Carpet Bombing Run
Advanced Logistics
Supply Drop
Selects Anti-tank Gun Team Paradrop
Paratrooper Squad Paradrop
Recon Loiter
Carpet Bombing Run
Supply Drop
Paratrooper Squad Paradrop
Supply Drop
Joe Brisado
beebee0405
安果果
Joraad
萨拉丁*陈
victuss
0
0
Comments
sign in to comment!
No comments posted yet!